 Dungeon Crawl Stone Soup version 0.26-a0-812-g31a745ddcd (webtiles) character file.

Game seed: 8330657897312276184

6594 Gargoyl the Fighter (level 11, -3/87 HPs)
             Began as a Gnoll Abyssal Knight on Nov 13, 2020.
             Was a High Priest of Lugonu.
             Splashed by an acid dragon's acid (11 damage)
             ... on level 10 of the Dungeon.
             The game lasted 00:14:30 (11325 turns).

Gargoyl the Fighter (Gnoll Abyssal Knight)         Turns: 11325, Time: 00:14:31

Health: -3/87      AC: 17    Str: 17    XL:     11   Next: 2%
Magic:  0/19       EV:  7    Int: 16    God:    Lugonu [*****.]
Gold:   673        SH: 13    Dex: 24    Spells: 21/21 levels left

rFire    + . .     SeeInvis +   d - +0 broad axe (vorpal)
rCold    . . .     Faith    .   t - +2 kite shield
rNeg     . . .     Spirit   +   p - +0 plate armour
rPois    +         Reflect  .   u - +2 hat
rElec    .         Harm     .   (no cloak)
rCorr    .         Rampage  .   (no gloves)
MR       .....                  C - +1 pair of boots of Ruthrit {+Inv Dex+6 SInv}
Stlth    ..........             e - amulet of guardian spirit
HPRegen  0.24/turn              c - ring of Resumed Hostilities {Fire *Slow rPois Dex+4 Stlth+}
MPRegen  0.16/turn              v - ring of protection from cold

@: no status effects
A: distributed training, fangs 1, strong nose
a: Depart the Abyss, Bend Space, Banish, Corrupt, Enter the Abyss, Renounce
Religion, Evoke Invisibility


You were on level 10 of the Dungeon.
You worshipped Lugonu.
Lugonu was extremely pleased with you.
You visited 1 branch of the dungeon, and saw 10 of its levels.
You visited the Abyss 1 time.

You collected 673 gold pieces.

Inventory:

Hand Weapons
 a - a +1 hand axe
 d - a +0 vorpal broad axe (weapon)
 y - a +2 hand axe
 A - a +0 hand axe of flaming
Missiles
 b - 16 poisoned darts (quivered)
Armour
 p - a +0 plate armour (worn)
 t - a +2 kite shield (worn)
 u - a +2 hat (worn)
 C - the +1 pair of boots of Ruthrit (worn) {+Inv Dex+6 SInv}
   (You found it on level 9 of the Dungeon)

   It affects your dexterity (+6).
   It lets you see invisible.
   It lets you turn invisible.
Jewellery
 c - the ring of Resumed Hostilities (left hand) {Fire *Slow rPois Dex+4 Stlth+}
   (You found it on level 2 of the Abyss)

   [ring of fire]

   It enhances your fire magic.
   It affects your dexterity (+4).
   It protects you from fire.
   It makes you vulnerable to cold.
   It protects you from poison.
   It may slow you when you take damage.
   It makes you more stealthy.
 e - an amulet of guardian spirit (around neck)
 v - a ring of protection from cold (right hand)
 w - a +6 ring of strength {unknown}
 z - an uncursed ring of see invisible {unknown}
 B - an uncursed ring of magical power {unknown}
 E - an uncursed ring of protection from magic {unknown}
 H - an uncursed ring of ice {unknown}
Wands
 f - a wand of flame (16)
 g - a wand of polymorph (5)
 j - a wand of random effects (12)
 n - a wand of acid (7)
Scrolls
 h - a scroll of blinking
 l - 5 scrolls of fear
 I - a scroll of identify
Potions
 i - 2 potions of resistance
 k - 4 potions of cancellation
 m - a potion of might
 o - 5 potions of curing {unknown}
 q - 2 potions of berserk rage {unknown}
 r - 3 potions of haste {unknown}
 s - 2 potions of mutation {unknown}
 x - 2 potions of heal wounds
 D - 4 potions of magic {unknown}
 F - a potion of invisibility {unknown}
 G - a potion of ambrosia


   Skills:
 + Level 8.9 Fighting
 + Level 5.8 Short Blades
 + Level 5.8 Long Blades
 + Level 7.5 Axes
 + Level 5.8 Maces & Flails
 + Level 5.8 Polearms
 + Level 5.8 Staves
 + Level 5.8 Slings
 + Level 5.8 Bows
 + Level 5.8 Crossbows
 + Level 5.8 Throwing
 + Level 7.5 Armour
 + Level 6.4 Dodging
 + Level 5.8 Stealth
 + Level 5.8 Shields
 + Level 5.8 Unarmed Combat
 + Level 5.8 Spellcasting
 + Level 4.8 Conjurations
 + Level 4.8 Hexes
 + Level 4.8 Summonings
 + Level 4.8 Necromancy
 + Level 4.8 Translocations
 + Level 4.8 Transmutations
 + Level 4.8 Fire Magic
 + Level 4.8 Ice Magic
 + Level 4.8 Air Magic
 + Level 4.8 Earth Magic
 + Level 4.8 Poison Magic
 + Level 8.0 Invocations
 + Level 5.8 Evocations


You had 21 spell levels left.
You didn't know any spells.
Your spell library was empty.

Dungeon Overview and Level Annotations

Branches:
Dungeon (10/15)            Temple (0/1) D:7
   Lair: D:8-11         Orc: D:9-12

Altars:
Dithmenos
Elyvilon
Fedhas
Gozag
Qazlal
Uskayaw
Wu Jian
Xom

Shops:
D:6 (


Innate Abilities, Weirdness & Mutations

Your experience applies equally to all skills.
You have very sharp teeth.
Your uncanny sense of smell can sniff out nearby items.


Message History

The komodo dragon bites you but does no damage.
You block the wyvern's attack.
Unknown command.
You hit the komodo dragon.
You bite the komodo dragon, but do no damage.
The komodo dragon is severely wounded.
You completely miss the acid dragon. You slash the wyvern!
You kill the wyvern!
Lugonu accepts your kill.
Your Invocations skill increases to level 8!
You have reached level 11!
You block the acid dragon's attack.
The acid dragon claws you but does no damage.
The komodo dragon bites you!
* * * LOW HITPOINT WARNING * * *
The acid dragon spits acid at you. The splash of acid hits you!
* * * LOW HITPOINT WARNING * * *
You are splashed with acid!
You die...

# .# # #... #######
### ..... ...##.#
####.###......
###..####
#.....@l.....#
##†...###.....lD.#####
##..........##.#.#
#.########## .# #
###################
........##........#
........##........#
........##........#
'#########.....)..##


You could see a komodo dragon, a wyvern and an acid dragon (catching breath).

Vanquished Creatures
  Erica (D:9)
  A two-headed ogre (D:9)
  A gargoyle (D:10)
  A komodo dragon (D:10)
  A wraith (D:10)
  A wyvern (D:10)
  Eustachio (D:6)
  6 orc warriors
  4 ice beasts
  2 sky beasts (D:7)
  3 centaurs
  A necrophage (D:9)
  4 ogres
  3 bullfrogs
  2 scorpions
  6 wights
  A howler monkey (D:5)
  4 hounds
  A bullfrog zombie (D:10)
  3 centaur zombies
  6 jellies
  6 orc priests
  4 orc wizards
  A centaur skeleton (D:8)
  An iron imp (Abyss:2)
  4 iguanas
  9 worker ants
  A hound zombie (D:5)
  2 hound skeletons
  14 adders
  2 shadow imps
  A white imp (D:10)
  An ufetubus (D:10)
  3 adder skeletons
  3 worms
  2 dart slugs
  9 leopard geckos
  23 orcs
  4 giant cockroaches
  7 goblins
  5 hobgoblins
  3 jackals (D:3)
  5 quokkas
  A ball python zombie (D:6)
  8 bats
  A frilled lizard (D:1)
  A jackal skeleton (D:5)
  5 kobolds
  2 quokka zombies
  9 rats
190 creatures vanquished.

Vanquished Creatures (others)
  11 plants (D:7)
11 creatures vanquished.

Grand Total: 201 creatures vanquished

Notes
Turn   | Place    | Note
-------+----------+-------------------------------------------
     0 | Abyss:1  | Gargoyl the Gnoll Abyssal Knight began the quest for the
                  | Orb.
     0 | Abyss:1  | Reached XP level 1. HP: 23/23 MP: 3/3
    56 | Abyss:1  | Found a corrupted altar of Lugonu.
    65 | Abyss:1  | Found a corrupted altar of Lugonu.
   185 | Abyss:2  | Got a warped turquoise ring
   199 | Abyss:2  | Identified the ring of Resumed Hostilities {Fire *Slow
                  | rPois Dex+4 Stlth+} (You found it on level 2 of the Abyss)
   219 | Abyss:2  | Noticed an iron imp
   244 | Abyss:2  | Killed an iron imp
   244 | Abyss:2  | Reached XP level 2. HP: 14/29 MP: 0/5
   244 | Abyss:2  | Reached XP level 3. HP: 16/35 MP: 0/6
   252 | Abyss:2  | Noticed a worldbinder
   254 | D:1      | Escaped the Abyss
  1033 | D:1      | Reached * piety under Lugonu
  1331 | D:1      | Reached skill level 1 in Short Blades
  1331 | D:1      | Reached skill level 1 in Long Blades
  1331 | D:1      | Reached skill level 1 in Maces & Flails
  1331 | D:1      | Reached skill level 1 in Polearms
  1331 | D:1      | Reached skill level 1 in Staves
  1331 | D:1      | Reached skill level 1 in Slings
  1331 | D:1      | Reached skill level 1 in Bows
  1331 | D:1      | Reached skill level 1 in Crossbows
  1331 | D:1      | Reached skill level 1 in Throwing
  1331 | D:1      | Reached skill level 1 in Stealth
  1331 | D:1      | Reached skill level 1 in Shields
  1331 | D:1      | Reached skill level 1 in Unarmed Combat
  1331 | D:1      | Reached skill level 1 in Spellcasting
  1331 | D:1      | Reached skill level 1 in Evocations
  1964 | D:2      | Reached XP level 4. HP: 41/41 MP: 7/7
  2286 | D:2      | Found a white marble altar of Elyvilon.
  2526 | D:2      | Reached skill level 1 in Conjurations
  2526 | D:2      | Reached skill level 1 in Hexes
  2526 | D:2      | Reached skill level 1 in Summonings
  2526 | D:2      | Reached skill level 1 in Necromancy
  2526 | D:2      | Reached skill level 1 in Translocations
  2526 | D:2      | Reached skill level 1 in Transmutations
  2526 | D:2      | Reached skill level 1 in Fire Magic
  2526 | D:2      | Reached skill level 1 in Ice Magic
  2526 | D:2      | Reached skill level 1 in Air Magic
  2526 | D:2      | Reached skill level 1 in Earth Magic
  2526 | D:2      | Reached skill level 1 in Poison Magic
  2867 | D:3      | Reached XP level 5. HP: 47/47 MP: 8/8
  3073 | D:3      | Found a stormy altar of Qazlal.
  3223 | D:3      | Noticed an air elemental
  3343 | D:3      | Noticed a fire elemental
  3344 | D:3      | Noticed a water elemental
  3506 | D:4      | Found a shadowy altar of Dithmenos.
  4359 | D:5      | Entered Level 5 of the Dungeon
  4379 | D:5      | Reached skill level 5 in Invocations
  4379 | D:5      | Reached XP level 6. HP: 43/53 MP: 6/9
  4402 | D:5      | Reached ** piety under Lugonu
  4584 | D:5      | Reached skill level 5 in Axes
  4584 | D:5      | Reached skill level 5 in Armour
  4893 | D:5      | Noticed an ice beast
  4910 | D:5      | Killed an ice beast
  4910 | D:5      | Reached XP level 7. HP: 14/59 MP: 3/10
  5806 | D:6      | Found an ornate altar of the Wu Jian Council.
  6022 | D:6      | Reached XP level 8. HP: 63/67 MP: 12/12
  6263 | D:6      | Found Afeoshru's Antique Weapon Shop.
  6516 | D:6      | Noticed Eustachio
  6543 | D:6      | Killed Eustachio
  6656 | D:7      | Found a staircase to the Ecumenical Temple.
  6819 | D:7      | Reached *** piety under Lugonu
  7517 | D:7      | Reached XP level 9. HP: 61/72 MP: 11/14
  7729 | D:7      | Found a blossoming altar of Fedhas.
  7957 | D:8      | Found a hide-covered altar of Uskayaw.
  8277 | D:8      | Got a smoking whip
  8278 | D:8      | Identified the cursed +1 whip "Xodibeji" {elec, rC+ MR-
                  | Dex+5} (You found it on level 8 of the Dungeon)
  8307 | D:8      | Reached **** piety under Lugonu
  8508 | D:8      | Found an opulent altar of Gozag.
  8977 | D:9      | Noticed a two-headed ogre
  8988 | D:9      | Killed a two-headed ogre
  8988 | D:9      | Reached skill level 5 in Dodging
  9187 | D:9      | Found a shimmering altar of Xom.
  9218 | D:9      | Noticed Erica
  9239 | D:9      | Killed Erica
  9239 | D:9      | Reached skill level 5 in Short Blades
  9239 | D:9      | Reached skill level 5 in Long Blades
  9239 | D:9      | Reached skill level 5 in Maces & Flails
  9239 | D:9      | Reached skill level 5 in Polearms
  9239 | D:9      | Reached skill level 5 in Staves
  9239 | D:9      | Reached skill level 5 in Slings
  9239 | D:9      | Reached skill level 5 in Bows
  9239 | D:9      | Reached skill level 5 in Crossbows
  9239 | D:9      | Reached skill level 5 in Throwing
  9239 | D:9      | Reached skill level 5 in Stealth
  9239 | D:9      | Reached skill level 5 in Shields
  9239 | D:9      | Reached skill level 5 in Unarmed Combat
  9239 | D:9      | Reached skill level 5 in Spellcasting
  9239 | D:9      | Reached skill level 5 in Evocations
  9239 | D:9      | Reached XP level 10. HP: 23/81 MP: 2/17
  9727 | D:9      | Got a pair of transparent boots
  9733 | D:9      | Identified the +1 pair of boots of Ruthrit {+Inv Dex+6
                  | SInv} (You found it on level 9 of the Dungeon)
 10194 | D:10     | Entered Level 10 of the Dungeon
 10337 | D:10     | Noticed a gargoyle
 10346 | D:10     | Killed a gargoyle
 11013 | D:10     | Reached ***** piety under Lugonu
 11325 | D:10     | Reached XP level 11. HP: 31/87 MP: 6/19
 11325 | D:10     | Splashed by an acid dragon's acid

Illustrated notes

Levels and vault maps discovered:
D:1:      dpeg_arrival_connections, layout_basic, minmay_misc_feat_tower,
          minmay_worlds_worst_comb
D:2:      layout_rooms, lemuel_crystal_altar
D:3:      layout_basic, nicolae_qazlal_style_of_elements
D:4:      layout_basic, nicolae_dithmenos_the_darkroom, serial_bayou_pond_e
D:5:      layout_gridville
D:6:      layout_loops_cross, nicolae_overflow_crystal_walls, serial_shops,
          nicolae_shop_window_shopping, uniq_eustachio
D:7:      layout_loops_ring, fedhas_altar_decomposition,
          minmay_temple_entry_wispy, enter_ossuary_1
D:8:      layout_cave_pods, lemuel_crystal_altar, grunt_gozag_breadcrumbs
D:9:      layout_long_grid, xom_butterflies, uniq_erica
D:10:     layout_basic, erik_lair_dragon, orc_0_dummy, kennysheep_doodads

Skill      XL: |  1  2  3  4  5  6  7  8  9 10 |
---------------+-------------------------------+-----
Short Blades   | 1 2 3 5 |  5.8
Long Blades    | 1 2 3 5 |  5.8
Maces & Flails | 1 2 3 5 |  5.8
Polearms       | 1 2 3 5 |  5.8
Staves         | 1 2 3 5 |  5.8
Slings         | 1 2 3 5 |  5.8
Bows           | 1 2 3 5 |  5.8
Crossbows      | 1 2 3 5 |  5.8
Throwing       | 1 2 3 5 |  5.8
Stealth        | 1 2 3 5 |  5.8
Shields        | 1 2 3 5 |  5.8
Unarmed Combat | 1 2 3 5 |  5.8
Spellcasting   | 1 2 3 5 |  5.8
Evocations     | 1 2 3 5 |  5.8
Conjurations   | 1 2 3 4 |  4.8
Hexes          | 1 2 3 4 |  4.8
Summonings     | 1 2 3 4 |  4.8
Necromancy     | 1 2 3 4 |  4.8
Translocations | 1 2 3 4 |  4.8
Transmutations | 1 2 3 4 |  4.8
Fire Magic     | 1 2 3 4 |  4.8
Ice Magic      | 1 2 3 4 |  4.8
Air Magic      | 1 2 3 4 |  4.8
Earth Magic    | 1 2 3 4 |  4.8
Poison Magic   | 1 2 3 4 |  4.8
Dodging        | 3 4 5 6 |  6.4
Invocations    | 5 6 7 8 |  8.0
Axes           | 5 6 7 |  7.5
Armour         | 5 6 7 |  7.5
Fighting       | 7 8 |  8.9

Action                   |  1- 3 |  4- 6 |  7- 9 | 10-12 || total
-------------------------+-------+-------+-------+-------++-------
Melee: Hand axe          |    99 |    53 |       |       ||   152
       Bite              |     7 |    15 |    40 |    33 ||    95
       Broad axe         |       |   141 |   267 |   156 ||   564
Throw: Dart              |       |       |     7 |     5 ||    12
Invok: Depart the Abyss  |     1 |       |       |       ||     1
  Use: Potion            |     2 |       |     5 |       ||     7
       Scroll            |     1 |    12 |     6 |       ||    19
 Stab: Sleeping          |     7 |     2 |       |       ||     9
Armor: Leather armour    |    23 |       |       |       ||    23
       Ring mail         |       |    47 |       |       ||    47
       Plate armour      |       |   124 |   244 |    70 ||   438
       Skin              |       |       |     6 |       ||     6
Dodge: Dodged            |    83 |   142 |    44 |    40 ||   309
Block: Kite shield       |       |    16 |   144 |   142 ||   302

Table legend: (Time is in decaauts)
 A = Elapsed time spent in this place.
 B = Non-inter-level travel time spent in this place.
 C = Inter-level travel time spent in this place.
 D = Time resting spent in this place.
 E = Time spent auto-exploring this place.
 F = Levels seen in this place.
 G = Mean time per level.
                   A        B        C        D        E       F      G
               +--------+--------+--------+--------+--------+-----+--------+
         Total |  11636 |  11128 |    508 |    417 |   8539 |  12 |  969.7 |
       Dungeon |  11381 |  10873 |    508 |    417 |   8356 |  10 | 1138.1 |
         Abyss |    254 |    254 |      0 |      0 |    182 |   2 |  127.0 |
               +--------+--------+--------+--------+--------+-----+--------+

Top non-repeatable levels by time:
     D:1: 1713 daAuts
     D:5: 1498 daAuts
     D:9: 1329 daAuts
     D:7: 1286 daAuts
    D:10: 1184 daAuts
     D:8: 1047 daAuts
     D:3: 920 daAuts
     D:6: 883 daAuts
     D:4: 860 daAuts
     D:2: 656 daAuts
 Abyss:1: 176 daAuts
 Abyss:2: 78 daAuts
